 Dungeon Crawl Stone Soup version 0.31-a0-803-g95b03c3367 (webtiles) character file.

Game seed: 14132966732538690585

155 Dirtsage the Chopper (level 5, -5/41 HPs)
             Began as a Demonspawn Fighter on Sept 21, 2023.
             Slain by a gnoll
             ... wielding a +2 halberd of flaming
              (10 damage)
             ... on level 3 of the Dungeon.
             The game lasted 00:03:12 (1850 turns).

Dirtsage the Chopper (Demonspawn Fighter)           Turns: 1850, Time: 00:03:13

Health: -5/41      AC:  8    Str: 18    XL:     5   Next: 14%
Magic:  5/5        EV: 10    Int:  9    God:
Gold:   161        SH:  4    Dex:  8    Spells: 4/4 levels left

rFire   . . .        a - +0 war axe
rCold   . . .        c - +0 buckler
rNeg    . . .        l - +3 leather armour of the Sacrificial Victim {Will++ Dex-5}
rPois   .            m - +0 hat
rElec   .            (no cloak)
rCorr   .            (no gloves)
SInv    .            (no boots)
Will    ++...        (no amulet)
Stlth   +            (no ring)
HPRegen 0.26/turn    (no ring)
MPRegen 0.09/turn

%: no passive effects
@: no status effects
A: molten scales 1, foul stench 1, icemail 1, condensation shield
a: no special abilities


You were on level 3 of the Dungeon.
You visited 1 branch of the dungeon, and saw 3 of its levels.

You collected 161 gold pieces.

Inventory:

Hand Weapons
 a - a +0 war axe (weapon)
Armour
 b - a +0 scale mail
 c - a +0 buckler (worn)
 l - the +3 leather armour of the Sacrificial Victim (worn) {Will++ Dex-5}
   (You found it on level 2 of the Dungeon)

   Dex-5:     It affects your dexterity (-5).
   Will++:    It greatly increases your willpower.
 m - a +0 hat (worn)
Scrolls
 e - 4 scrolls of poison {unknown}
 f - 3 scrolls of identify {unknown}
 g - 2 scrolls of noise {unknown}
 k - a scroll of immolation {unknown}
 q - a scroll of vulnerability {unknown}
Potions
 d - a potion of might
 h - 3 potions of curing {unknown}
 i - a potion of attraction {unknown}
 j - 2 potions of mutation {unknown}
 n - a potion of invisibility {unknown}
 o - a potion of degeneration {unknown}
 p - a potion of berserk rage {unknown}


   Skills:
 - Level 3.0 Fighting
 + Level 4.9 Axes
 - Level 2.6 Armour
 - Level 2.6 Shields


You had 4 spell levels left.
You didn't know any spells.
Your spell library was empty.

Dungeon Overview and Level Annotations

Branches:
Dungeon (3/15)

Altars:
Xom

Shops:
D:3 (


Innate Abilities, Weirdness & Mutations

You are partially covered in molten scales. (AC +2)
You may rarely emit foul miasma when damaged in melee.
A meltable icy envelope protects you from harm. (AC +0)
A meltable shield of frost defends you. (SH +0)


Message History

MP restored: 5 No target in view!
You see here a +0 spear.
You hit the gnoll but do no damage. The gnoll hits you but does no damage.
You hit the gnoll.
The gnoll is moderately wounded.
You block the gnoll's attack.
You hit the gnoll.
The gnoll is heavily wounded.
The gnoll hits you with a +0 flail. x2
You take 7 damage, and have 31/41 hp.
You hit the gnoll.
The gnoll is heavily wounded.
You block the gnoll's attack. The gnoll barely misses you.
You hit the gnoll.
The gnoll is almost dead.
You block the gnoll's attack. The gnoll hits you but does no damage.
The gnoll hits you from afar with a +2 halberd of flaming.
Your icy defences dissipate!
The gnoll burns you.
You take 8 damage, and have 23/41 hp.
You hit the gnoll.
You kill the gnoll!
The gnoll hits you from afar with a +2 halberd of flaming.
The gnoll burns you.
You take 4 damage, and have 19/41 hp.
The gnoll shouts!
The gnoll closely misses you.
Things that are here:
a +0 flail; a gnoll corpse You barely miss the gnoll.
The gnoll hits you with a +2 halberd of flaming!
* * * LOW HITPOINT WARNING * * *
The gnoll burns you.
* * * LOW HITPOINT WARNING * * *
You take 15 damage, and have 4/41 hp.
MASSIVE DAMAGE!!
You closely miss the gnoll. The gnoll closely misses you.
You closely miss the gnoll. The gnoll misses you.
The gnoll hits you with a +2 halberd of flaming!
You die...

#.........#..g##...##...
#......÷..#..#####........
#####.#.................##.#
#.#..........##.....# #
#.#...#.####..##.....
##......g# .# .##...
##........# ...##..
##..####..g# ...#
#######...# #.#@######..#...
#.......#.# #.#.)<..........
#......##.# #...###...###.#.
#......##.# ###..#..###
#......#..# #..#.##
#......#.### #.....#
#..........## ##....##..
#..∩...#.#..#####..#....
#......#.##...#........#


You could see 2 gnolls.

Vanquished Creatures
  2 orc priests (D:3)
  2 gnolls (D:3)
  2 adders (D:2)
  A dart slug (D:1)
  2 orcs (D:3)
  5 ball pythons
  6 endoplasms
  4 giant cockroaches
  2 goblins
  7 hobgoblins
  5 jackals
  7 kobolds
  3 frilled lizards (D:1)
  3 rats
51 creatures vanquished.

Notes
Turn   | Place    | Note
-------+----------+-------------------------------------------
     0 | D:1      | Dirtsage the Demonspawn Fighter began the quest for the
                  | Orb.
     0 | D:1      | Reached XP level 1. HP: 18/18 MP: 1/1
    18 | D:1      | Reached skill level 2 in Axes
    61 | D:1      | Gained mutation: A meltable shield of frost defends you.
                  | (SH +0) [demonic ancestry]
    61 | D:1      | Reached XP level 2. HP: 21/24 MP: 2/2
   226 | D:1      | Reached skill level 3 in Axes
   482 | D:1      | Gained mutation: A meltable icy envelope protects you from
                  | harm. (AC +0) [demonic ancestry]
   482 | D:1      | Reached XP level 3. HP: 26/29 MP: 3/3
   635 | D:2      | Found a faded altar of an unknown god.
   790 | D:2      | Identified the +3 leather armour of the Sacrificial Victim
                  | {Will++ Dex-5}
   907 | D:2      | Found a shimmering altar of Xom.
  1435 | D:3      | Reached skill level 4 in Axes
  1435 | D:3      | Gained mutation: You are partially covered in molten
                  | scales. (AC +2) [demonic ancestry]
  1435 | D:3      | Reached XP level 4. HP: 32/35 MP: 4/4
  1562 | D:3      | Found Wekikhan's Antique Weapon Boutique.
  1840 | D:3      | Gained mutation: You may rarely emit foul miasma when
                  | damaged in melee. [demonic ancestry]
  1840 | D:3      | Reached XP level 5. HP: 37/41 MP: 5/5
  1850 | D:3      | Slain by a gnoll

Illustrated notes

Levels and vault maps discovered:
D:1:      mrwooster_arrival_statue_3, layout_basic
D:2:      layout_loops_corners, hellmonk_ecumenical_altar_crossroads,
          basic_altar, kennysheep_generic_room_4
D:3:      layout_rooms, serial_shops, shop, amcnicky_mini_corridor_feature

Skill      XL: |  1  2  3 |
---------------+----------+-----
Axes           | 2 3 4 |  4.9
Fighting       | |  3.0
Armour         | |  2.6
Shields        | |  2.6

Action                     |  1- 3 |  4- 6 || total
---------------------------+-------+-------++-------
  Melee: War axe           |   126 |    46 ||   172
 Armour: Scale mail        |    49 |       ||    49
         Leather armour    |    33 |    40 ||    73
  Dodge: Dodged            |    53 |    13 ||    66
  Block: Buckler           |    62 |    20 ||    82

Table legend: (Time is in decaauts)
 A = Elapsed time spent in this place.
 B = Non-inter-level travel time spent in this place.
 C = Inter-level travel time spent in this place.
 D = Time resting spent in this place.
 E = Time spent auto-exploring this place.
 F = Levels seen in this place.
 G = Mean time per level.
                   A        B        C        D        E       F      G
               +--------+--------+--------+--------+--------+-----+--------+
         Total |   1914 |   1752 |    162 |      4 |   1332 |   3 |  638.0 |
       Dungeon |   1914 |   1752 |    162 |      4 |   1332 |   3 |  638.0 |
               +--------+--------+--------+--------+--------+-----+--------+

Top non-repeatable levels by time:
     D:2: 998 daAuts
     D:1: 581 daAuts
     D:3: 333 daAuts
